 Dungeon Crawl Stone Soup version 0.21-a0-437-ge5bf024 (webtiles) character file.

120 slep the Skirmisher (level 5, 0/43 HPs)
             Began as a Barachi Fighter on Nov 9, 2017.
             Slain by an orc
             ... wielding a +0 war axe
              (2 damage)
             ... on level 3 of the Dungeon on Nov 10, 2017.
             The game lasted 00:10:18 (1482 turns).

slep the Skirmisher (Barachi Fighter)               Turns: 1482, Time: 00:10:19

Health: 0/43       AC:  7    Str: 18    XL:     5   Next: 4%
Magic:  5/5        EV:  8    Int: 11    God:
Gold:   116        SH:  9    Dex: 12    Spells: 4/4 levels left

rFire    . . .     SeeInvis .   a - +0 long sword
rCold    . . .     Gourm    .   c - +0 shield
rNeg     . . .     Faith    .   b - +0 scale mail
rPois    .         Spirit   .   (no helmet)
rElec    .         Reflect  .   (no cloak)
rCorr    .         Harm     .   (no gloves)
MR       .....                  (no boots)
Stlth    ..........             (no amulet)
HPRegen  0.14/turn              t - +3 ring of intelligence
MPRegen  0.09/turn              (no ring)

@: slow
A: +LOS, swims, slowness 1, strong legs 1
a: Hop


You were on level 3 of the Dungeon.
You were not hungry.

You visited 1 branch of the dungeon, and saw 3 of its levels.

You collected 116 gold pieces.

Inventory:

Hand Weapons
 a - a +0 long sword (weapon)
 n - a +1 spear of venom
 o - a +1 hunting sling of flaming
Missiles
 k - 2 throwing nets (quivered)
 q - 7 tomahawks
Armour
 b - a +0 scale mail (worn)
 c - a +0 shield (worn)
Jewellery
 t - a +3 ring of intelligence (left hand)
Scrolls
 g - 3 scrolls of remove curse {unknown}
 j - 3 scrolls of identify {unknown}
 l - a scroll of teleportation {unknown}
 p - a scroll of recharging {unknown}
 u - a scroll of fog {unknown}
 v - 3 scrolls of enchant armour {unknown}
Potions
 d - a potion of might
 e - a potion of flight {unknown}
 i - a potion of invisibility {unknown}
 m - 3 potions of curing {unknown}
Comestibles
 f - 3 bread rations
 h - a royal jelly
 r - a meat ration
 s - a chunk of flesh


   Skills:
 + Level 4.3 Fighting
 + Level 4.1 Long Blades
 + Level 4.2 Armour
 + Level 1.4 Dodging
 + Level 3.9 Shields


You had 4 spell levels left.
You didn't know any spells.

Dungeon Overview and Level Annotations

Branches:
Dungeon (3/15)

Altars:
Ashenzari
Hepliaklqana
Zin


Innate Abilities, Weirdness & Mutations

Shadows flee at your approach. (+LOS)
You can swim through water.
You cover ground slowly.
You can hop short distances.


Message History

The orc is lightly wounded.
You block the orc's attack. The orc hits you but does no damage.
You hit the orc.
The orc is moderately wounded.
The orc hits you with a war axe. You block the orc's attack.
You barely miss the orc.
The orc is moderately wounded.
The orc barely misses you. You block the orc's attack.
The orc hits you with a war axe.
* * * LOW HITPOINT WARNING * * *
The orc closely misses you. The orc hits you but does no damage.
The orc hits you with a war axe!
* * * LOW HITPOINT WARNING * * *
You slash the orc!
The orc is almost dead.
The orc is no longer berserk.
The orc closely misses you. The orc hits you with a war axe.
You die...

######### #.......#
#.#####.# #.# #.#
#.#####.##########
#########.@o......†.......
#.............#......#####
#(################.#.# #.#
.# .. #.# .# ## #.# .# #.#
.# #.# .# #.# .#


You could see an orc.

Vanquished Creatures
  2 orc wizards (D:3)
  An adder (D:3)
  3 worms
  2 dart slugs
  4 leopard geckos
  11 orcs
  3 ball pythons
  2 goblins
  8 hobgoblins
  4 jackals (D:1)
  4 bats
  3 frilled lizards
  5 rats
52 creatures vanquished.

Notes
Turn   | Place    | Note
-------+----------+-------------------------------------------
     0 | D:1      | slep the Barachi Fighter began the quest for the Orb.
     0 | D:1      | Reached XP level 1. HP: 18/18 MP: 1/1
    72 | D:1      | Reached XP level 2. HP: 22/25 MP: 2/2
   632 | D:2      | Reached XP level 3. HP: 30/30 MP: 3/3
   705 | D:2      | Found a shattered altar of Ashenzari.
  1191 | D:3      | Reached skill level 1 in Dodging
  1191 | D:3      | Reached XP level 4. HP: 22/37 MP: 4/4
  1265 | D:3      | Found a glowing silver altar of Zin.
  1366 | D:3      | Found a hazy altar of Hepliaklqana.
  1465 | D:3      | Reached XP level 5. HP: 30/43 MP: 5/5
  1481 | D:3      | HP: 2/43 [orc/war axe (9)]
  1482 | D:3      | Slain by an orc

Vault maps used:
D:1:      minmay_arrival_diagonal_passages, minmay_misc_feat_pillars
D:2:      nicolae_ashenzari_panopticon, wad_floor_pattern_1, wad_orctagon
D:3:      overflow_temple_1_default, lemuel_doored_altar, first_bread

Skill      XL: |  1  2  3  4 |
---------------+-------------+-----
Fighting       | 4 |  4.3
Long Blades    | 3 4 |  4.1
Armour         | 4 |  4.2
Dodging        | 1 |  1.4
Shields        | |  3.9

Action                   |  1- 3 |  4- 6 || total
-------------------------+-------+-------++-------
Melee: Long sword        |   145 |    67 ||   212
  Eat: Chunk             |     1 |     2 ||     3
Armor: Scale mail        |    92 |    18 ||   110
Dodge: Dodged            |    47 |    21 ||    68
Block: Shield            |    99 |    31 ||   130
       Rpst.: Long sword |    11 |     5 ||    16

Table legend:
 A = Spawn XP
 B = Non-spawn XP
 C = Spawn XP percentage of total XP
 D = Spawn monster count
 E = Non-spawn monster count
 F = Spawn count percentage of total count
 G = Total turns spent on level
                    A         B        C        D         E        F      G
               +---------+---------+-------+---------+---------+-------+---------
         Total |       0 |     172 |   0.0 |       0 |      52 |   0.0 |  1482
               +---------+---------+-------+---------+---------+-------+---------
           D:1 |       0 |      31 |   0.0 |       0 |      17 |   0.0 |   589
           D:2 |       0 |      40 |   0.0 |       0 |      16 |   0.0 |   588
           D:3 |       0 |     101 |   0.0 |       0 |      19 |   0.0 |   305
               +---------+---------+-------+---------+---------+-------+---------
